[Event "40th Cappelle Open 2024"]
[Site "Cappelle-la-Grande"]
[Date "2024.03.06"]
[Round "7.17"]
[White "Loiseau, Quentin"]
[Black "Fiedorek, Michal"]
[Result "1-0"]
[ECO "E06"]
[WhiteElo "2412"]
[BlackElo "2286"]
[Annotator "TA"]
[PlyCount "85"]
[EventDate "2024.03.02"]
[EventType "swiss"]
[EventCountry "FRA"]
[SourceTitle "playchess.com"]
[Source "ChessBase"]
[SourceQuality "1"]
[TimeControl "40/5400+30:1800+30"]

1. c4 e6 2. d4 d5 3. Nf3 Nf6 4. g3 Be7 5. Bg2 O-O 6. O-O c6 7. Qc2 dxc4 8. Qxc4 b5 9. Qc2 Bb7 10. Bg5 Nbd7 11. Nc3 Qb6 12. a4 a6 13. Ne5 {[%emt 0:06:30] [#] Black must now prevent Nxd7.} Rfd8 {[%emt 0:27:58] White is slightly better.} 14. Ne4 {[%emt 0:10:54] next e3 is good for White.} Qxd4 15. Nxd7 (15. Nxc6 {simplifies} Bxc6 16. Qxc6 bxa4 17. Qxa4 Qxa4 18. Rxa4 Rab8 19. Ra2) 15... Qxd7 16. Nc5 Bxc5 17. Qxc5 Qd4 18. Qc2 (18. Qxd4 {simplifies} Rxd4 19. axb5 axb5 20. Rxa8+ Bxa8 21. Be3) 18... h6 19. Rfd1 Qe5 20. Be3 Qf5 21. Qc5 Qxc5 22. Bxc5 bxa4 23. Kf1 a5 (23... Rxd1+ $142 24. Rxd1 Nd5) 24. Rxd8+ $11 Rxd8 25. Ke1 $1 Ba6 (25... Nd7 $2 26. Rd1 Ba6 27. Ba3 $18 (27. Bxc6 Rc8 $11)) 26. Rxa4 Rb8 27. Rxa5 (27. Bxc6 $2 Rc8 (27... Rxb2 28. Bf3 $11) 28. f3 Rxc6 $19) 27... Bc4 28. Bd4 {[%emt 0:01:33] This pair of bishops is nice.} ({Reject} 28. Bxc6 Rxb2 29. Bf3 e5 $11) 28... Nd5 29. f4 Bb5 30. Ra7 Rd8 31. Be4 Nf6 32. Bxf6 gxf6 $16 {[%emt 0:00:05][%mdl 4096] Endgame. KRB-KRB} 33. Rc7 Rd6 34. Bf3 {[%emt 0:00:06] White is more active.} f5 35. Bh5 Rd4 (35... f6 $16 36. Rf7 Bc4) 36. Bxf7+ $18 Kf8 {[%emt 0:00:04] [#]} 37. b3 $1 ({Resist} 37. Bxe6 $6 Re4 38. Bxf5 Rxe2+ 39. Kd1 Rxh2 $16) 37... Rb4 $2 (37... e5 {was necessary.} 38. fxe5 Re4) 38. Bxe6 Re4 39. Bc4 ({Less strong is} 39. Bxf5 Rxe2+ 40. Kd1 Rxh2 $16) 39... Bxc4 40. bxc4 Rxc4 41. Rh7 Rc1+ 42. Kd2 Rh1 43. Rxh6 {[%emt 0:00:03] Weighted Error Value: White=0.07 (flawless) /Black=0.19 (very precise) .  Mistake:       	---       	Black=3      Inaccurate:     	White=2     	Black=5      OK:         	White=15    	Black=6      Best:        	White=4     	Black=2      Strong:       	White=1     	---} 1-0

[Event "40th Cappelle Open 2024"]
[Site "Cappelle-la-Grande"]
[Date "2024.03.06"]
[Round "7.18"]
[White "Wirig, Anthony"]
[Black "Mirimanian, Hayk"]
[Result "1/2-1/2"]
[ECO "E14"]
[WhiteElo "2462"]
[BlackElo "2283"]
[Annotator "TA"]
[PlyCount "44"]
[EventDate "2024.03.02"]
[EventType "swiss"]
[EventCountry "FRA"]
[SourceTitle "playchess.com"]
[Source "ChessBase"]
[SourceQuality "1"]
[TimeControl "40/5400+30:1800+30"]

1. d4 d5 2. Nf3 Nf6 3. c4 e6 4. e3 Be7 5. Nc3 b6 6. Bd3 O-O 7. O-O dxc4 8. Bxc4 Bb7 9. Qe2 c5 10. dxc5 Bxc5 11. a3 Nbd7 12. Ba6 Bxa6 13. Qxa6 Qb8 14. Qe2 Ne5 15. e4 Nxf3+ 16. Qxf3 Bd6 17. g3 $1 Be5 18. Bf4 {[%emt 0:00:22] The position is equal.} Bxf4 19. gxf4 e5 20. fxe5 Qxe5 21. Qg3 Qe6 22. Rae1 Rfe8 {[%emt 0:05:35] An uneventful encounter.   Weighted Error Value: White=0.05 (flawless) /Black=0.02 (flawless) .  OK:         	White=4     	Black=7      Strong:       	White=1     	---} 1/2-1/2

[Event "40th Cappelle Open 2024"]
[Site "Cappelle-la-Grande"]
[Date "2024.03.07"]
[Round "8.1"]
[White "Lamard, Guillaume"]
[Black "Barp, Alberto"]
[Result "0-1"]
[ECO "C78"]
[WhiteElo "2483"]
[BlackElo "2449"]
[Annotator "TA"]
[PlyCount "119"]
[EventDate "2024.03.02"]
[EventType "swiss"]
[EventCountry "FRA"]
[SourceTitle "playchess.com"]
[Source "ChessBase"]
[SourceQuality "1"]
[TimeControl "40/5400+30:1800+30"]

1. e4 {[%emt 0:00:03] Kapnisis,Spyridon} e5 2. Nf3 Nc6 3. Bb5 a6 4. Ba4 Nf6 5. O-O b5 6. Bb3 Bc5 7. a4 Rb8 8. c3 d6 9. d4 Bb6 10. a5 {[%emt 0:00:25] C78: Spanische Partie (Archangelsk- und Möller-Variante).} Ba7 11. Be3 Bg4 12. Nbd2 {[%emt 0:00:36] 12.Nbd2 ist besser als 12.dxe5.} exd4 13. cxd4 O-O 14. h3 Bh5 15. Re1 Nb4 16. Rc1 c5 17. dxc5 dxc5 18. e5 Nfd5 19. Bxc5 Bxc5 20. Rxc5 Nf4 21. e6 fxe6 22. Rxe6 (22. Bxe6+ Kh8 23. Rf5 (23. Bf5 Bxf3 24. Nxf3 Nbd3 $17) 23... Nbd3 24. Rxf8+ Qxf8 $11) 22... Kh8 $1 (22... Qxa5 $2 23. Rxa6+ Kh8 24. Rxa5 $18) (22... Nxe6 $2 23. Rxh5 g6 24. Re5 $18 (24. Bxe6+ Kg7 $18)) 23. Re4 (23. Ree5 Bxf3 24. Nxf3 Qxd1+ 25. Bxd1 Nbd3 $17) 23... Qd6 (23... Qxa5 $2 {geht unter.} 24. Rxf4 Rxf4 25. Rxh5 $18) (23... Nbd3 $2 24. Rxh5 Nxh5 25. Rd4 Nxf2 26. Rxd8 $18) 24. Rg5 $146 ({Predecessor:} 24. Rxh5 Nxh5 25. Rd4 Qe7 26. Re4 Qd6 27. Rd4 Qe7 28. Re4 Qd6 29. Rd4 Qe7 30. Re4 Qd6 {½-½ Kapnisis,S (2472)-Kourkoulos Arditis,S (2524) GRE-ch 70th Lamia 2021 (3.2)}) 24... Nbd3 25. Rxh5 Nxh5 26. Rd4 $1 Qg6 27. Nh4 $2 (27. Bc2 $1 $16 Nhf4 28. Rxf4 Rxf4 29. Ne5 Nxe5 30. Bxg6 Nxg6 31. Qe1) 27... Qh6 $1 $17 28. Rxd3 Nf4 29. Ndf3 Nxd3 30. Qxd3 Qc1+ ({Günstiger ist} 30... Rbd8 $1 $15 31. Qe4 Rde8 (31... Qc1+ 32. Kh2 $15)) 31. Kh2 $11 Rbd8 32. Qe3 $2 {[%emt 0:03:37][%mdl 8192] [#]} (32. Qe4 $1 $11 {und Weiss muss sich keine Sorgen machen.}) 32... Qxe3 $1 $19 33. fxe3 Rd3 34. Bc2 Rxe3 35. Nd4 Rf2 36. Nhf5 Re5 37. Bd3 $2 (37. Kg1 Rxc2 38. Nxc2 Rxf5 39. Nb4) 37... Rd5 38. Be4 Rxd4 39. Nxd4 {[%emt 0:00:04] [#]} Rf4 $1 ({Weniger gut wäre} 39... Rxb2 40. Nc6 $17) 40. Nxb5 Rxe4 41. Nc7 Ra4 42. Nxa6 Rxa5 43. Nc7 Rc5 44. Ne6 Rb5 45. h4 $2 (45. b3 {war angesagt.}) 45... Rxb2 $19 46. Kh3 Kg8 47. Ng5 Rb3+ 48. Kg4 Rb4+ 49. Kg3 h6 50. Nf3 (50. Nh3 $142 Kf7 51. Nf4) 50... Kf7 $19 51. Kh3 Ke6 (51... Rb3 $142 52. Kg4 Kf6) 52. Nh2 Kf5 53. g3 Rb3 54. Kg2 Ke4 55. Kh3 Rb2 56. Ng4 h5 57. Nh2 Ra2 58. g4 hxg4+ 59. Nxg4 Kf4 60. h5 0-1

[Event "40th Cappelle Open 2024"]
[Site "Cappelle-la-Grande"]
[Date "2024.03.07"]
[Round "8.2"]
[White "Can, Emre"]
[Black "Puranik, Abhimanyu"]
[Result "1/2-1/2"]
[ECO "B22"]
[WhiteElo "2551"]
[BlackElo "2618"]
[Annotator "TA"]
[PlyCount "238"]
[EventDate "2024.03.02"]
[EventType "swiss"]
[EventCountry "FRA"]
[SourceTitle "playchess.com"]
[Source "ChessBase"]
[SourceQuality "1"]
[TimeControl "40/5400+30:1800+30"]

1. e4 c5 2. Nf3 Nc6 3. c3 d5 4. exd5 Qxd5 5. d4 e6 6. Bd3 Nf6 7. O-O Be7 8. dxc5 Qxc5 9. Nbd2 O-O 10. Ne4 Nxe4 {[%emt 0:03:05] Weiß hat minimalen Vorteil.} 11. Bxe4 Rd8 12. Qc2 h6 13. Be3 Qa5 14. Rfd1 Bd7 15. Nd4 Be8 16. Nxc6 Bxc6 17. Bxc6 bxc6 18. a3 c5 19. b4 Qa6 (19... Rxd1+ 20. Qxd1 Qa6 21. Qd7 (21. bxc5 Rc8 $11) (21. Bxc5 Bxc5 22. bxc5 Qc6 $11)) 20. g3 Qc4 {[%emt 0:10:25] Gegen Qe4 gerichtet.} 21. Qa4 a6 (21... Qxc3 22. bxc5 Rxd1+ (22... Bxc5 $2 23. Rdc1 $18) 23. Rxd1 $16) 22. Rd7 Bg5 (22... Qxc3 $2 23. Rc1 Qf6 24. bxc5 $18 (24. Bxc5 Rxd7 25. Qxd7 Bxc5 $11)) 23. Bxg5 hxg5 24. Rad1 Rxd7 25. Qxd7 cxb4 26. cxb4 $11 {[%emt 0:00:32][%mdl 4096] Endspiel. KQR-KQR} Rc8 27. h3 g6 28. Qe7 Qb3 29. Rd8+ Rxd8 30. Qxd8+ {[%emt 0:00:07] KQ-KQ} Kg7 31. Qa5 Qb1+ 32. Kh2 Qc2 33. Qe5+ (33. Qxg5 Qxf2+ 34. Kh1 Qf3+ 35. Kh2 Qxa3 36. Qe5+ Kg8 $17) 33... Kg8 34. Qe3 (34. Qxg5 Qxf2+ 35. Kh1 Qd4 $17) 34... e5 35. Kg2 (35. Qxg5 Qxf2+ 36. Kh1 Qf3+ 37. Kh2 Qe2+ (37... Qxa3 38. Qxe5 Qxb4 39. Qe8+ Kg7 40. h4 $17) 38. Kg1 Qd1+ 39. Kf2 Qc2+ 40. Ke1 Qc3+ 41. Kf2 Qb2+ (41... Qxa3 $2 42. Qd8+ Kg7 43. Qd2 $17) 42. Kg1 Qxa3 43. Qxe5 Qxb4 $17) 35... Qb2 $2 (35... Qa4 $11 {und Schwarz steht sicher.}) 36. g4 $2 ({Nicht} 36. Qxg5 Qxa3 37. Qd2 Qa4 $11) ({Weiss braucht} 36. Qd3 $1 $18) 36... Qa2 (36... e4 $1 $11) 37. Qd3 $1 $14 (37. Qxg5 Qxa3 38. Qd8+ Kg7 $11) 37... Qe6 38. Qd8+ Kg7 39. Qxg5 Qc6+ 40. Kh2 Qd6 41. Qe3 e4+ 42. Qg3 Qd4 43. Kg2 Qd5 44. Qc3+ Kh7 {[%emt 0:00:20] Droht stark ...e3+.} 45. Qc5 Qd3 46. Qe3 Qc2 {[%emt 0:00:41] [#]} (46... Qd5 $16 {war angesagt.}) 47. h4 $1 $18 Qc6 {[%emt 0:00:18] [#]} 48. g5 $2 ({Günstiger ist} 48. h5 $1 $18) 48... Kg8 $14 49. Qc5 Qd7 50. Qe5 Qd3 51. Qb8+ Kg7 52. Qg3 $1 Qc4 53. Qd6 (53. Qe5+ $14 Kg8 54. Qg3) 53... Qe2 (53... Qc3 $11) 54. Qf4 Qc4 55. Qd2 Kg8 56. Qd8+ Kg7 57. Qb6 Qe2 58. Qe3 Qg4+ 59. Qg3 Qe2 60. Qc3+ Kg8 61. Kg3 Qb5 62. Qc8+ Kg7 63. Kf4 (63. Qc5 $16 {Und jetzt Qxb5 wäre schön.} Qd3+ 64. Qe3 Qd6+ 65. Kg2) 63... Qd3 $11 64. Qc5 {[%emt 0:00:17] Aktives Gegenspiel!} Qxa3 65. Kxe4 Qh3 66. Qd4+ Kg8 67. Kd5 Qd7+ 68. Kc4 Qa4 69. Qd8+ Kg7 70. Qb6 Qa2+ 71. Kc3 Qa1+ 72. Kd3 {[%emt 0:00:16] Droht Qd4+ und aus.} Qa2 73. Qf6+ Kg8 74. Kd4 Qe2 75. Kc5 ({Vorzuziehen ist} 75. Qf4 $14) 75... Qb5+ $15 76. Kd4 $1 Qxb4+ 77. Kd3 Qxh4 78. Qxa6 Qxg5 79. Ke2 Kg7 80. Kf1 Qe5 81. Qb7 g5 82. Qc8 Qd5 83. Kg1 f5 84. Qc3+ Kg6 85. f3 Qd8 86. Kg2 Qe7 87. Qc4 Kh5 88. Qc2 Qe5 89. Qa2 Qc7 90. Qa4 Qe7 91. Qc2 {[%emt 0:00:30] Wehrt Qe2+ ab} Qe6 92. Qb2 Kg6 93. Qd2 Qc6 94. Kg3 f4+ 95. Kg2 Qc5 96. Qd3+ Kf6 97. Qd8+ Ke6 98. Qg8+ Kd6 99. Qg6+ Kc7 100. Qf7+ Kc6 101. Qe6+ Kb5 102. Qb3+ $1 Ka5 103. Qa2+ Kb4 104. Qb2+ Kc4 105. Qc2+ Kd4 106. Qf2+ Kd5 107. Qd2+ Ke5 108. Qb2+ Qd4 109. Qb5+ Qd5 110. Qb2+ Kf5 111. Qb1+ Kf6 112. Qa1+ Kg6 113. Qb1+ Kh6 {[%emt 0:00:05] ...g4 wäre nun fies.} 114. Qh1+ $1 Kg6 {[%emt 0:00:09] ( -> ...g4)} 115. Qb1+ Qf5 116. Qd1 Qb5 117. Qc2+ Kh6 118. Qa2 Qc6 {[%emt 0:01:20] ...g4 ist eine echte Drohung.} 119. Qb2 (119. Qf7 $11) 119... Kg6 {[%emt 0:00:46] Gewichteter Fehlerwert: Weiß=0.16 (sehr präzise) /Schwarz=0.16 (sehr präzise) .  Verlustzug:     	---       	Schwarz=1     Gewinn verpasst:   	Weiß=2     	---        Fehler:       	Weiß=4     	Schwarz=4     Ungenau:       	Weiß=4     	Schwarz=4     OK:         	Weiß=41    	Schwarz=35    Bester:       	Weiß=4     	Schwarz=6     Stark:        	Weiß=6     	---} (119... Qe6 $1 $15) 1/2-1/2

[Event "40th Cappelle Open 2024"]
[Site "Cappelle-la-Grande"]
[Date "2024.03.07"]
[Round "8.3"]
[White "Degraeve, Jean-Marc"]
[Black "Idani, Pouya"]
[Result "1/2-1/2"]
[ECO "B22"]
[WhiteElo "2455"]
[BlackElo "2609"]
[Annotator "TA"]
[PlyCount "93"]
[EventDate "2024.03.02"]
[EventType "swiss"]
[EventCountry "FRA"]
[SourceTitle "playchess.com"]
[Source "ChessBase"]
[SourceQuality "1"]
[TimeControl "40/5400+30:1800+30"]

1. e4 c5 2. c3 Nf6 3. e5 Nd5 4. Nf3 d6 5. d4 cxd4 6. cxd4 Nc6 7. Bc4 dxe5 8. dxe5 Ndb4 9. O-O Qxd1 10. Rxd1 Bg4 {[%emt 0:00:07] [#] ...Nc2 would now be deadly.} 11. Nc3 e6 12. Be2 h6 13. Bf4 g5 14. Bg3 Bg7 15. a3 Nc2 16. Rac1 Bxf3 $1 17. Bxf3 N2d4 18. Bxc6+ Nxc6 19. Ne4 Ke7 20. Nd6 Rhd8 21. b4 Bxe5 22. Bxe5 Nxe5 23. Nxb7 Rxd1+ 24. Rxd1 $11 {[%emt 0:00:01][%mdl 4096] Endgame. KRN-KRN} Nc4 25. Rd3 Rb8 26. Nc5 a5 27. Rd7+ {[%emt 0:07:52] The position is equal.} Ke8 28. Rb7 $1 Rxb7 29. Nxb7 {[%emt 0:00:02] KN-KN} a4 30. Nc5 Nxa3 31. Nxa4 Kd7 32. Kf1 Kc6 33. Nc5 Kd5 34. Ke2 Nc2 35. Nd3 e5 36. Kd2 Nd4 37. f3 f5 38. Ke3 h5 39. Kd2 h4 {[%emt 0:07:43][%cal Oh4h3] [#] White must now prevent ...h3!} 40. Nf2 Kc4 41. Ke3 Kd5 42. b5 Nxb5 43. Nh3 $1 f4+ 44. Kf2 g4 45. fxg4 Nd4 46. g3 hxg3+ 47. hxg3 {[%emt 0:00:01] Weighted Error Value: White=0.03 (flawless) /Black=0.03 (flawless) .  Inaccurate:     	White=1     	Black=1      OK:         	White=18    	Black=16     Best:        	White=2     	---        Strong:       	White=2     	Black=1} 1/2-1/2

[Event "40th Cappelle Open 2024"]
[Site "Cappelle-la-Grande"]
[Date "2024.03.07"]
[Round "8.4"]
[White "Nikolov, Momchil"]
[Black "Sasikiran, Krishnan"]
[Result "1/2-1/2"]
[ECO "E32"]
[WhiteElo "2453"]
[BlackElo "2578"]
[Annotator "TA"]
[PlyCount "60"]
[EventDate "2024.03.02"]
[EventType "swiss"]
[EventCountry "FRA"]
[SourceTitle "playchess.com"]
[Source "ChessBase"]
[SourceQuality "1"]
[TimeControl "40/5400+30:1800+30"]

1. d4 Nf6 2. c4 e6 3. Nc3 Bb4 4. Qc2 d6 5. Bd2 c5 6. dxc5 Bxc5 7. e3 Nc6 8. a3 {[%emt 0:05:21] Weiß steht etwas besser.} d5 9. b4 (9. Rd1 $142) 9... d4 (9... Bd6 $11) 10. bxc5 $14 dxc3 11. Bxc3 e5 12. Nf3 Qe7 13. Nd2 Nd4 14. Qb2 (14. exd4 exd4+ 15. Be2 dxc3 $11) 14... Bf5 15. Bxd4 (15. exd4 $2 exd4+ 16. Be2 dxc3 17. Qxc3 O-O-O $19 (17... Qxc5 18. Qb4 $11)) 15... exd4 16. Qxd4 Rd8 17. Qc3 Be4 18. f3 ({Günstiger ist} 18. Be2 $16 {Zielt auf Nxe4 ab.} O-O (18... Bxg2 19. Rg1 $16) 19. O-O) 18... Bg6 $11 19. Be2 O-O $1 20. O-O Qxc5 ({Doch nicht} 20... Bd3 21. Rf2 Bxe2 (21... Qxe3 $2 22. Rd1 $18) 22. Rxe2 $14) 21. Nb3 Nd5 $1 22. Qxg7+ (22. cxd5 $2 {verliert.} Qxc3 23. e4 Qxb3 $19) 22... Kxg7 23. Nxc5 Nxe3 24. Rf2 b6 25. Na6 Rfe8 26. c5 bxc5 27. Nxc5 Re5 28. Rc1 Nc2 {[%emt 0:04:02] [#]} 29. Ne4 Nxa3 30. Bf1 Nb5 {[%emt 0:00:55] Gewichteter Fehlerwert: Weiß=0.11 (sehr präzise) /Schwarz=0.11 (sehr präzise) .  Fehler:       	Weiß=2     	Schwarz=1     Ungenau:       	Weiß=2     	Schwarz=3     OK:         	Weiß=9     	Schwarz=12    Stark:        	---       	Schwarz=2} 1/2-1/2

[Event "40th Cappelle Open 2024"]
[Site "Cappelle-la-Grande"]
[Date "2024.03.07"]
[Round "8.5"]
[White "Firat, Burak"]
[Black "Lodici, Lorenzo"]
[Result "0-1"]
[ECO "C54"]
[WhiteElo "2439"]
[BlackElo "2558"]
[Annotator "TA"]
[PlyCount "74"]
[EventDate "2024.03.02"]
[EventType "swiss"]
[EventCountry "FRA"]
[SourceTitle "playchess.com"]
[Source "ChessBase"]
[SourceQuality "1"]
[TimeControl "40/5400+30:1800+30"]

1. e4 e5 2. Nf3 Nc6 3. Bc4 Nf6 4. d3 Bc5 5. O-O d6 6. c3 Bb6 7. Bb3 h6 8. Nbd2 Ne7 9. Nc4 Ng6 10. d4 {[%emt 0:08:51] White is slightly better.} exd4 11. a4 (11. Nxb6 $14 axb6 12. Qxd4 (12. Nxd4 O-O $14)) 11... dxc3 $11 12. e5 dxe5 {[%emt 0:09:04][%cal Bd6e5,Be5e4,Be4f3,Bf3g2][%mdl 32] ...Be6 is the strong threat.} (12... Nxe5 {is interesting.} 13. Ncxe5 dxe5 14. Qxd8+ Kxd8 15. Nxe5 Re8) 13. Qxd8+ Kxd8 14. Nxb6 (14. Ncxe5 $11 {remains equal.} Nxe5 15. Nxe5) 14... axb6 $17 {[%emt 0:00:58] White is now going downhill.} 15. Bxf7 e4 $1 16. Bxg6 exf3 17. Rd1+ Bd7 18. Rd3 fxg2 $1 19. Rxc3 Rxa4 (19... Bxa4 $2 20. b3 $18 (20. Kxg2 $2 Bc6+ 21. Rxc6 Rxa1 $19)) 20. Rxa4 Bxa4 21. Bf4 {[%emt 0:05:05] [#]} Bc6 $1 ({Don't play} 21... Nd5 22. Rd3 c6 (22... Bc6 $2 23. Be4 $18) 23. Be5 $15) 22. Ra3 {[%emt 0:03:19] And now Ra8+ would win.} Nd5 23. Be5 {[%emt 0:00:48] Ra8+ would now be deadly.} Ke7 24. h4 {[%emt 0:06:32] [#]} (24. Be4 $17) 24... Ke6 $1 $19 25. Bg3 Rf8 26. Be4 Nf4 27. Re3 Kd7 28. Bxc6+ bxc6 {[%emt 0:00:16][%mdl 4096] Endgame. KRB-KRN} 29. Re4 g5 30. hxg5 (30. Rd4+ $142 Ke6 31. Re4+ Kd6 32. Rd4+ Ke5 33. Rd7) 30... hxg5 31. Re5 c5 32. Bxf4 Rxf4 ({But not} 32... gxf4 33. Kxg2 Kc6 34. Re6+ Kb5 35. Kf3) 33. Rxg5 {[%emt 0:00:07] KR-KR} Rb4 34. Kxg2 (34. Rd5+ $142 Kc6 35. Rd2) 34... Rxb2 {[%emt 0:00:03] White must now prevent ...c4.} 35. Kf3 c4 36. Ke3 c3 37. f4 (37. Kd3 $142) 37... Rd2 {[%emt 0:01:03] Weighted Error Value: White=0.59/Black=0.10 (very precise) .  Mistake:       	White=5     	---        Inaccurate:     	White=1     	Black=1      OK:         	White=11    	Black=10     Best:        	---       	Black=2      Strong:       	---       	Black=4} 0-1

[Event "40th Cappelle Open 2024"]
[Site "Cappelle-la-Grande"]
[Date "2024.03.07"]
[Round "8.6"]
[White "Valsecchi, Alessio"]
[Black "Loiseau, Quentin"]
[Result "1/2-1/2"]
[ECO "C80"]
[WhiteElo "2490"]
[BlackElo "2412"]
[Annotator "TA"]
[PlyCount "40"]
[EventDate "2024.03.02"]
[EventType "swiss"]
[EventCountry "FRA"]
[SourceTitle "playchess.com"]
[Source "ChessBase"]
[SourceQuality "1"]
[TimeControl "40/5400+30:1800+30"]

1. e4 e5 2. Nf3 Nc6 3. Bb5 a6 4. Ba4 Nf6 5. O-O Nxe4 6. d4 b5 7. Bb3 d5 8. a4 Nxd4 9. Nxd4 exd4 10. axb5 Bc5 11. c3 O-O 12. cxd4 Bd6 {[%emt 0:06:00] Schwarz hat minimalen Vorteil.} 13. Nc3 {[%emt 0:19:45] Die Stellung ist ausgeglichen.} Nxc3 14. bxc3 Bb7 15. bxa6 Rxa6 16. Rxa6 Bxa6 17. Re1 c6 18. Bc2 Re8 19. Rxe8+ Qxe8 20. Be3 Qb8 {[%emt 0:01:11] Gewichteter Fehlerwert: Weiß=0.01 (makellos) /Schwarz=0.08 (makellos) .  Ungenau:       	---       	Schwarz=1     OK:         	Weiß=5     	Schwarz=4     Bester:       	Weiß=2     	---} 1/2-1/2

[Event "40th Cappelle Open 2024"]
[Site "Cappelle-la-Grande"]
[Date "2024.03.07"]
[Round "8.7"]
[White "Tarhan, Adar"]
[Black "Velten, Paul"]
[Result "1/2-1/2"]
[ECO "C07"]
[WhiteElo "2432"]
[BlackElo "2475"]
[Annotator "TA"]
[PlyCount "75"]
[EventDate "2024.03.02"]
[EventType "swiss"]
[EventCountry "FRA"]
[SourceTitle "playchess.com"]
[Source "ChessBase"]
[SourceQuality "1"]
[TimeControl "40/5400+30:1800+30"]

1. e4 e6 2. d4 d5 3. Nd2 c5 4. Ngf3 cxd4 5. exd5 Qxd5 6. Bc4 Qd6 7. O-O Nf6 8. Nb3 Nc6 9. Nbxd4 Nxd4 10. Nxd4 Bd7 11. Re1 Qc7 12. Bf1 Bc5 13. c3 (13. Bg5 $5) 13... h6 14. g3 Rd8 15. Bf4 Bd6 16. Bxd6 Qxd6 17. Qb3 b6 18. Nb5 Qc5 {[%emt 0:00:37] The position is equal.} 19. a4 a5 20. Qa3 Qxa3 21. Nxa3 Ke7 22. Nc4 Rb8 23. Red1 Rhc8 24. Rd4 Rc7 25. Ra3 Be8 26. Bg2 Nd7 {[%emt 0:01:51] Hoping for ...e5.} 27. Nd6 Nc5 28. Nxe8 Kxe8 29. b4 Nd7 30. Rb3 {[%emt 0:02:09] [#] aiming for bxa5.} Rbc8 31. bxa5 bxa5 32. Rb5 Ra7 33. Rd6 Rxc3 34. Bc6 g5 35. Kg2 Ke7 36. Rxd7+ Rxd7 37. Bxd7 Kxd7 38. Rxa5 {[%emt 0:00:07] An interesting draw.   Weighted Error Value: White=0.06 (flawless) /Black=0.03 (flawless) .  Inaccurate:     	White=2     	---        OK:         	White=12    	Black=14     Best:        	White=1     	Black=1} 1/2-1/2

[Event "40th Cappelle Open 2024"]
[Site "Cappelle-la-Grande"]
[Date "2024.03.07"]
[Round "8.9"]
[White "Gopal G.N."]
[Black "Jablonicky, Martin"]
[Result "1-0"]
[ECO "C42"]
[WhiteElo "2575"]
[BlackElo "2393"]
[Annotator "TA"]
[PlyCount "97"]
[EventDate "2024.03.02"]
[EventType "swiss"]
[EventCountry "FRA"]
[SourceTitle "playchess.com"]
[Source "ChessBase"]
[SourceQuality "1"]
[TimeControl "40/5400+30:1800+30"]

1. e4 e5 2. Nf3 Nf6 3. Nxe5 d6 4. Nf3 Nxe4 5. d4 d5 6. Bd3 Be7 7. O-O Nd6 8. Re1 O-O 9. Bf4 Re8 10. Nbd2 Nd7 11. c3 Nf8 12. Qc2 g6 13. Qb3 {[%emt 0:04:14] Weiß steht etwas besser.} c6 14. a4 a5 15. h3 Ne6 16. Bh2 Ng7 17. Re2 Ra7 18. Rae1 Bf5 (18... Bf8 $14) 19. Bxf5 (19. Bxd6 $1 $16 Qxd6 20. Bxf5 Nxf5 21. Kh1) 19... Ndxf5 $14 20. Nf1 Ne6 21. Ne3 {[%emt 0:00:53] Und jetzt Nxf5 wäre schön.} Nxe3 22. Rxe3 Bd6 ({Vorzuziehen ist} 22... Ng7 $14) 23. Bxd6 $16 Qxd6 24. Ng5 Qd7 25. Qd1 {[%emt 0:07:46] Weiß hat aktiveres Spiel.} (25. Nxe6 {vereinfacht} Rxe6 26. Rxe6 fxe6 27. Qd1) 25... Raa8 26. Qe2 Rab8 27. Nxe6 Rxe6 28. Rxe6 Qxe6 29. Qxe6 fxe6 30. Rxe6 {[%emt 0:00:03][%mdl 4096] Endspiel. KR-KR} Kf7 31. Re2 b5 32. axb5 Rxb5 33. Kf1 a4 34. Rc2 Ke6 35. Ke2 Rb3 36. Kd3 a3 37. bxa3 Rxa3 38. h4 Kf5 {[%emt 0:10:56] [#]} (38... Ra1 $16) 39. Rb2 $1 $18 Ra7 40. Rb6 Rc7 {[%emt 0:00:05] [#]} 41. c4 $1 Ke6 (41... dxc4+ $16 42. Kxc4 Ra7) 42. Ra6 Rf7 43. Rxc6+ {[%emt 0:07:07] Weiß hat entscheidenden Vorteil.} Kd7 44. Rc5 ({Nicht} 44. cxd5 Rxf2 45. Rc2 (45. g4 Rf4 $11) 45... Rf4 $14) 44... dxc4+ 45. Ke3 $1 ({Weniger gut wäre} 45. Kxc4 Rxf2 46. g4 Rg2 $11) 45... Kd6 46. Rxc4 Re7+ 47. Kd3 Rf7 48. Rc2 Kd5 49. f3 {[%emt 0:00:16] Gewichteter Fehlerwert: Weiß=0.06 (makellos) /Schwarz=0.17 (sehr präzise) .  Fehler:       	Weiß=1     	Schwarz=4     Ungenau:       	---       	Schwarz=2     OK:         	Weiß=19    	Schwarz=11    Bester:       	Weiß=3     	Schwarz=2     Stark:        	Weiß=3     	---} 1-0